[Event "ICC Open 2015"]
[Site "Internet Chess Club"]
[Date "2015.05.30"]
[Round "8"]
[White "Chaos23"]
[Black "Nos"]
[Result "0-1"]
[ICCResult "White checkmated"]
[WhiteElo "2058"]
[BlackElo "2381"]
[Opening "Réti: King's Indian attack"]
[ECO "A05"]
[NIC "QP.11"]
[Time "15:35:29"]
[TimeControl "180+0"]

1. Nf3 Nf6 2. g3 g6 3. Bg2 Bg7 4. O-O O-O 5. c4 d6 6. Nc3 e5 7. d4 exd4 8.
Nxd4 Nbd7 9. e4 Re8 10. Re1 a5 11. h3 Nc5 12. b3 c6 13. Bb2 Qb6 14. Qd2 a4
15. Nxa4 Nxa4 16. bxa4 Rxa4 17. Nb3 Rxc4 18. Qxd6 Nxe4 19. Bxe4 Bxb2 20. Bd3
Rd8 21. Qxd8+ Qxd8 22. Bxc4 Bxa1 23. Rxa1 Be6 24. Bf1 Qf6 25. Rb1 Qc3 26.
Rd1 Bxb3 27. axb3 Qxb3 28. Rd4 b5 29. Bg2 Qc3 30. Rd8+ Kg7 31. Rc8 c5 32.
Rc7 Qd4 33. Bc6 Qd6 34. Rc8 b4 35. Ba4 Qa6 36. Bd7 c4 37. Kh2 c3 38. Rb8 c2
39. Rc8 b3 40. Rc3 Qf1 41. Ba4 Qxf2+ 42. Kh1 Qe1+ 43. Kg2 Qxc3 44. Bxb3 Qxb3
45. h4 c1=Q 46. Kh3 h5 47. Kg2 Qd2+ 48. Kh3 Qde3 49. Kg2 Qxg3+ 50. Kf1 Qbd3#
{White checkmated}
0-1

[Event "ICC Open 2015"]
[Site "Internet Chess Club"]
[Date "2015.05.30"]
[Round "8"]
[White "BlueJ"]
[Black "Doondoon"]
[Result "1-0"]
[ICCResult "Black checkmated"]
[WhiteElo "2157"]
[BlackElo "1784"]
[Opening "Benoni: Taimanov variation"]
[ECO "A67"]
[NIC "BI.33"]
[Time "15:37:26"]
[TimeControl "180+0"]

1. d4 Nf6 2. c4 c5 3. d5 e6 4. Nc3 exd5 5. cxd5 d6 6. e4 g6 7. f4 Bg7 8.
Bb5+ Nfd7 9. Nf3 O-O 10. O-O a6 11. Bd3 Re8 12. Kh1 Qc7 13. Bd2 c4 14. Bc2
b5 15. a3 Nc5 16. f5 Nbd7 17. Qe1 Ne5 18. Qh4 Qe7 19. Bg5 f6 20. Be3 g5 21.
Qg3 Ncd3 22. Nd4 Nxb2 23. Ne6 Bxe6 24. dxe6 Nbd3 25. Nd5 Qb7 26. Bxg5 fxg5
27. Qxg5 Kh8 28. f6 Bf8 29. f7 Re7 30. Qg8# {Black checkmated} 1-0

[Event "ICC Open 2015"]
[Site "Internet Chess Club"]
[Date "2015.05.30"]
[Round "8"]
[White "maki89"]
[Black "Prof-chess"]
[Result "1-0"]
[ICCResult "Black forfeits on time"]
[WhiteElo "2414"]
[BlackElo "2675"]
[Opening "Caro-Kann defense"]
[ECO "B10"]
[NIC "CK.01"]
[Time "15:35:52"]
[TimeControl "180+0"]

1. e4 c6 2. Nf3 d5 3. exd5 cxd5 4. Ne5 Nc6 5. d4 Nf6 6. c3 e6 7. Bd3 Be7 8.
O-O Qb6 9. Re1 Nxe5 10. dxe5 Nd7 11. Qg4 g6 12. Nd2 h5 13. Qe2 Nc5 14. Bb5+
Bd7 15. Bxd7+ Nxd7 16. Nf3 Rc8 17. Bg5 Bc5 18. Rac1 a5 19. b3 Ba3 20. Rc2
Nc5 21. Bf6 Rf8 22. c4 Bb4 23. Rd1 Ne4 24. cxd5 Nc3 25. Rxc3 Bxc3 26. Rc1
exd5 27. e6 Qxe6 28. Qb5+ Qc6 29. Qe2+ Qe6 30. Qb5+ Rc6 31. Bxc3 d4 32. Re1
dxc3 33. Rxe6+ fxe6 34. Nd4 c2 35. Nxc2 Rf5 36. Qe2 Rfc5 37. Ne3 Rc1+ 38.
Nf1 Kf7 39. Qf3+ Kg7 40. g4 Rd6 41. gxh5 Rdd1 42. Qe2 Rxf1+ 43. Qxf1 Rxf1+
44. Kxf1 gxh5 45. Ke2 Kf6 46. Ke3 b5 47. Ke4 e5 48. f4 exf4 49. Kxf4 Ke6 50.
h4 Kf6 51. Ke4 Ke6 52. a3 a4 53. bxa4 Kd6 54. axb5 Kc7 55. Kf5 Kb6 56. Kg5
Kxb5 57. Kxh5 Ka4 58. Kg6 Kxa3 59. h5 Kb4 60. h6 Kc5 61. h7
{Black forfeits on time}
1-0

[Event "ICC Open 2015"]
[Site "Internet Chess Club"]
[Date "2015.05.30"]
[Round "8"]
[White "UAE2002"]
[Black "saira"]
[Result "1-0"]
[ICCResult "Black forfeits on time"]
[WhiteElo "2157"]
[BlackElo "1791"]
[Opening "Torre attack (Tartakower variation)"]
[ECO "D03"]
[NIC "QP.08"]
[Time "15:36:00"]
[TimeControl "180+0"]

1. d4 d5 2. Nf3 Nf6 3. Bg5 e6 4. Nbd2 Be7 5. e3 Nbd7 6. Bd3 c5 7. c3 cxd4 8.
exd4 O-O 9. h4 h6 10. Qe2 Ng4 11. Bxe7 Qxe7 12. O-O-O e5 13. dxe5 Ndxe5 14.
Nxe5 Qxe5 15. Qf3 Qf6 16. Qxf6 Nxf6 17. f3 Be6 18. g4 Nd7 19. g5 Ne5 20. Bc2
h5 21. Rde1 Nc4 22. Nxc4 dxc4 23. g6 Bd5 24. gxf7+ Rxf7 25. Be4 Bxe4 26.
fxe4 Re8 27. Rh2 Rf4 28. e5 Kf7 29. Rd2 Rxh4 30. Rd7+ Re7 31. e6+ Ke8 32.
Red1 Rxe6 33. Rxg7 Rhe4 34. Rxb7 a6 35. b3 cxb3 36. axb3 Re1 37. Rxe1 Rxe1+
38. Kb2 Re6 39. Rh7 Re5 40. c4 Kf8 41. Kc3 Kg8 42. Rh6 Kg7 43. Rxa6 h4 44.
Ra2 Kg6 45. Rh2 Kg5 46. Kd4 Re1 47. b4 Kg4 48. c5 Kg3 49. Rc2 h3 50. c6 h2
51. Rxh2 Kxh2 52. b5 Rd1+ 53. Kc5 Kg3 54. b6 Kf4 55. b7 Rc1+ 56. Kd6 Rb1 57.
Kc7 Ke5 58. b8=Q Rxb8 59. Kxb8 Kd6 60. c7 Kd5 61. c8=Q Ke4 62. Qg4+
{Black forfeits on time}
1-0

[Event "ICC Open 2015"]
[Site "Internet Chess Club"]
[Date "2015.05.30"]
[Round "8"]
[White "PADILLON2189"]
[Black "Nightlife"]
[Result "0-1"]
[ICCResult "White resigns"]
[WhiteElo "2045"]
[BlackElo "1784"]
[Opening "QGD: Semi-Tarrasch, 5.cd"]
[ECO "D41"]
[NIC "TD.12"]
[Time "15:36:36"]
[TimeControl "180+0"]

1. d4 Nf6 2. c4 e6 3. Nf3 d5 4. Nc3 c5 5. cxd5 Nxd5 6. g3 Nc6 7. Bg2 Nxc3 8.
bxc3 cxd4 9. cxd4 Be7 10. O-O O-O 11. e4 Bf6 12. Be3 Qa5 13. Qb3 Rd8 14.
Rfd1 Qb4 15. Rab1 Qxb3 16. Rxb3 Na5 17. Rc3 Bd7 18. Rc7 Rac8 19. Rxc8 Rxc8
20. d5 exd5 21. exd5 Nc4 22. Bxa7 Ra8 23. Bd4 Rxa2 24. Bxf6 gxf6 25. h3 b5
26. Nd4 b4 27. g4 Ba4 28. Rb1 Rb2 29. Rxb2 Nxb2 30. d6 Bd7 31. Bc6 Nc4 32.
Bxd7 Nxd6 33. Ba4 Ne4 34. f3 Nc3 35. Kf2 Nxa4 36. Ke3 Nc5 37. Kd2 Kg7 38.
Kc2 Kg6 39. Nb3 Nxb3 40. Kxb3 Kg5 41. Kxb4 Kf4 42. Kc5 Kxf3 43. Kd6 Kg3 44.
Ke7 Kxh3 45. Kxf6 Kxg4 46. Kxf7 h5 47. Kf6 h4 48. Ke5 h3 {White resigns} 0-1

[Event "ICC Open 2015"]
[Site "Internet Chess Club"]
[Date "2015.05.30"]
[Round "8"]
[White "Pantani"]
[Black "JW"]
[Result "1/2-1/2"]
[ICCResult "White ran out of time and Black has no material to mate"]
[WhiteElo "2979"]
[BlackElo "2623"]
[Opening "QGA: 3.e4"]
[ECO "D20"]
[NIC "QG.04"]
[Time "15:36:13"]
[TimeControl "180+0"]

1. d4 d5 2. c4 dxc4 3. e4 Nf6 4. e5 Nd5 5. Bxc4 Nb6 6. Bd3 Nc6 7. Ne2 Bg4 8.
f3 Be6 9. Nbc3 Qd7 10. Ne4 Bd5 11. Nc5 Qc8 12. a3 e6 13. Qc2 Bxc5 14. Qxc5
f6 15. exf6 gxf6 16. Bf4 e5 17. dxe5 fxe5 18. Bg3 Qe6 19. O-O O-O-O 20. Rfe1
Bc4 21. Nf4 Qf7 22. Bxc4 Nxc4 23. Nh3 Nxb2 24. Rab1 Nd3 25. Qb5 Rd5 26.
Qxb7+ Kd7 27. Red1 Rb8 28. Qa6 Rxb1 29. Rxb1 Qg6 30. Rd1 Nf4 31. Rxd5+ Nxd5
32. Qb5 Nc3 33. Qb3 Qb1+ 34. Qxb1 Nxb1 35. Ng5 Nxa3 36. Nxh7 Nc4 37. h4 a5
38. h5 a4 39. Nf6+ Ke6 40. Ne4 a3 41. Nc3 Ne7 42. h6 Ng6 43. h7 Kf7 44. Kf1
Kg7 45. Ke2 Kxh7 46. Kd3 Nd6 47. Kc2 Kg7 48. Kb3 Kf6 49. Kxa3 Kf5 50. Nd5 c6
51. Ne3+ Ke6 52. Kb4 Ne7 53. Kc5 Nd5 54. Nc4 Nxc4 55. Kxc4 Ne3+ 56. Kc5 Nxg2
57. Kxc6 Nf4 58. Kc5 Kf5 59. Kc4 Kg5 60. Kc5 Kf5 61. Kd6 Kf6 62. Bxf4 exf4
63. Kd5 Kf5 64. Kd4 Kg5 65. Ke4 Kg6 66. Kxf4 Kf6 67. Kg4 Kg6 68. Kf4 Kf6 69.
Ke4 Ke6 70. f4 Kf6 71. f5 Kf7 72. Kf4 Kf6
{White ran out of time and Black has no material to mate}
1/2-1/2

[Event "ICC Open 2015"]
[Site "Internet Chess Club"]
[Date "2015.05.30"]
[Round "8"]
[White "BlackHorse96"]
[Black "EREBUNI"]
[Result "1-0"]
[ICCResult "Black checkmated"]
[WhiteElo "3295"]
[BlackElo "3054"]
[Opening "Queen's pawn game"]
[ECO "D00"]
[NIC "QP.07"]
[Time "15:36:09"]
[TimeControl "180+0"]

1. d4 Nf6 2. Nc3 d5 3. Bf4 e6 4. Nb5 Na6 5. e3 c6 6. Nc3 Nc7 7. Bd3 Bd6 8.
Qf3 O-O 9. h4 c5 10. dxc5 Bxc5 11. h5 Nd7 12. Qg3 e5 13. h6 g6 14. Bxe5 Nxe5
15. Qxe5 f6 16. Qg3 Bd6 17. f4 Qe7 18. O-O-O Re8 19. e4 dxe4 20. Nxe4 Bb4
21. c3 Bf5 22. Nf2 Bc5 23. Bxf5 Qe3+ 24. Qxe3 Bxe3+ 25. Kb1 gxf5 26. Nd3 Nd5
27. Nh3 Bb6 28. Ne5 Rad8 29. Nc4 Bc7 30. g3 Kf7 31. Nf2 Re2 32. Nd3 Re4 33.
Na3 Ne3 34. Rd2 Bb6 35. Nc2 Kg6 36. Nxe3 Rxe3 37. Rhd1 Rxg3 38. Kc2 Kxh6 39.
Re2 Rd7 40. a4 Kg7 41. b4 h5 42. a5 Bc7 43. Nc5 Rxd1 44. Kxd1 Bd6 45. Nxb7
Bxf4 46. Nc5 Be5 47. b5 Rxc3 48. Ne6+ Kf7 49. Nd8+ Ke7 50. Nc6+ Kd6 51. Nxa7
Ra3 52. b6 Rxa5 53. b7 Kc7 54. b8=Q+ Kxb8 55. Nc6+ Kc7 56. Nxa5 Kd6 57. Nc4+
Kd5 58. Ne3+ Ke4 59. Nc4+ Kf4 60. Ke1 Bc3+ 61. Kf2 h4 62. Kg2 Bd4 63. Rd2
Be5 64. Rd3 Kg4 65. Rf3 f4 66. Nd2 Bd4 67. Rh3 Be3 68. Nf3 f5 69. Rxh4#
{Black checkmated}
1-0

[Event "ICC Open 2015"]
[Site "Internet Chess Club"]
[Date "2015.05.30"]
[Round "8"]
[White "PITCHUS"]
[Black "BillietheKid"]
[Result "1-0"]
[ICCResult "Black forfeits on time"]
[WhiteElo "1857"]
[BlackElo "1444"]
[Opening "Réti opening"]
[ECO "A04"]
[NIC "QP.11"]
[Time "15:36:58"]
[TimeControl "180+0"]

1. Nf3 e6 2. g3 d5 3. Bg2 c5 4. O-O Nc6 5. c4 d4 6. d3 Nf6 7. Qa4 Bd7 8. Qb3
b6 9. a3 Bd6 10. e4 e5 11. Nh4 g6 12. Bg5 O-O 13. f4 Be7 14. fxe5 Nxe5 15.
Nf3 Nxf3+ 16. Bxf3 Bh3 17. Rf2 Nd7 18. Bh6 Re8 19. Nd2 Ne5 20. Bf4 Ng4 21.
Bxg4 Bxg4 22. Nf3 Bxf3 23. Rxf3 Bg5 24. Raf1 Bxf4 25. Rxf4 Re7 26. Qa4 Qd7
27. Qxd7 Rxd7 28. Rf6 Re8 29. Rc6 Re6 30. Rc8+ Kg7 31. a4 Rf6 32. Rxf6 Kxf6
33. a5 bxa5 34. Rxc5 h5 35. Rxa5 g5 36. b4 h4 37. gxh4 gxh4 38. Kf2 Rb7 39.
b5 Re7 40. Ra6+ Kg5 41. Kf3 f5 42. Rd6 fxe4+ 43. dxe4 Rf7+ 44. Ke2 Kf4 45.
Kd3 Re7 46. Rxd4 Kf3 47. c5 Kg2 48. c6 Kxh2 49. Rd7 Re8 50. c7 h3 51. Rd8
Kg2 52. Rxe8 h2 53. Rh8 {Black forfeits on time} 1-0

[Event "ICC Open 2015"]
[Site "Internet Chess Club"]
[Date "2015.05.30"]
[Round "8"]
[White "bc18917"]
[Black "Chiraakk"]
[Result "0-1"]
[ICCResult "White forfeits on time"]
[WhiteElo "1736"]
[BlackElo "1643"]
[Opening "English opening"]
[ECO "A25"]
[NIC "EO.20"]
[Time "15:36:13"]
[TimeControl "180+0"]

1. c4 e5 2. g3 Nc6 3. Nc3 f5 4. Nf3 Nf6 5. d4 e4 6. Nh4 g6 7. Bg5 Bg7 8. f3
exf3 9. exf3 O-O 10. Kf2 Ng4+ 11. fxg4 Qxg5 12. gxf5 Nxd4 13. Bd3 d6 14. Kg2
Nxf5 15. Nxf5 Bxf5 16. Nd5 c6 17. h4 Qd8 18. Nf4 d5 19. cxd5 cxd5 20. Qb3
Kh8 21. h5 g5 22. Bxf5 gxf4 23. Be6 Qg5 24. g4 Rae8 25. Bxd5 f3+ 26. Kg1 Re2
27. Bxf3 Qxg4+ {White forfeits on time} 0-1

[Event "ICC Open 2015"]
[Site "Internet Chess Club"]
[Date "2015.05.30"]
[Round "8"]
[White "Massarioli"]
[Black "Aladdin"]
[Result "0-1"]
[ICCResult "White forfeits on time"]
[WhiteElo "2160"]
[BlackElo "2389"]
[Opening "Queen's pawn game"]
[ECO "E10"]
[NIC "QI.01"]
[Time "15:35:55"]
[TimeControl "180+0"]

1. d4 Nf6 2. c4 e6 3. Nf3 d5 4. e3 Bb4+ 5. Bd2 Bxd2+ 6. Nbxd2 O-O 7. Bd3 c5
8. O-O cxd4 9. Nxd4 b6 10. N4f3 Bb7 11. a3 Nbd7 12. cxd5 Bxd5 13. b4 Rc8 14.
Rc1 Bb7 15. Qe2 Qe7 16. Ba6 Nb8 17. Bxb7 Qxb7 18. Nb3 Nbd7 19. Nbd4 a6 20.
Qb2 Nd5 21. h3 N7f6 22. Rxc8 Rxc8 23. Rc1 h6 24. Ne5 Ne4 25. Rc2 Nec3 26.
Nef3 Qd7 27. Kh1 f6 28. Qc1 Rc7 29. Nd2 e5 30. N4f3 Qc8 31. Nb1 Nxb1 32.
Rxc7 Qxc7 33. Qxb1 Qc4 34. Qd1 e4 35. Nd4 Qd3 36. Qa4 Kh7 37. Qd7 Qc4 38.
Qf5+ Kg8 39. Qxe4 Nc3 40. Qe6+ Qxe6 41. Nxe6 Nb1 42. a4 a5 43. bxa5 bxa5 44.
Nc5 Nc3 45. Nb3 Nxa4 46. Nxa5 Kf7 47. Nc4 Nc3 48. g4 Ke6 49. Kg2 Kd5 50. Nd2
Nb5 51. Nf3 Ke6 52. Nh4 Kf7 53. Nf3 Nd6 54. Kg3 Ne4+ 55. Kg2 g6 56. Nd4 Kg7
57. Nf3 Kf7 58. Nd4 Nd6 59. Nc6 Nb5 60. Nd4 Nc3 61. f4 Kg7 62. Kf3 Kf7 63.
Ne2 Nd5 64. Ng3 Nc7 65. f5 g5 66. e4 Ke7 67. Ne2 Kd6 68. Ke3 Ke5 69. Nd4 Kd6
70. Nf3 Nb5 71. Kd3 Na3 72. Nd4 Ke5 73. Ne2 Nb5 74. Ke3 Nd6 75. Nd4 Nc4+ 76.
Kd3 Nb2+ 77. Ke3 Nd1+ 78. Kd3 Nf2+ 79. Ke3 Nxe4 80. Nf3+ Kd5 81. Nd4 Nc5 82.
Ne6 Kd6 83. Nxc5 Kxc5 84. Ke4 Kc4 85. Ke3 Kd5 86. Kd3 Ke5 87. Ke3 Kd5 88.
Kd3 Kc5 89. Ke3 h5 90. Kd3 h4 91. Ke4 Kc4 92. Ke3 Kc3 93. Ke4 Kd2
{White forfeits on time}
0-1

[Event "ICC Open 2015"]
[Site "Internet Chess Club"]
[Date "2015.05.30"]
[Round "8"]
[White "RobbieWilliams"]
[Black "Werewolf"]
[Result "1/2-1/2"]
[ICCResult "Game drawn by repetition"]
[WhiteElo "1750"]
[BlackElo "2171"]
[Opening "Queen's pawn: stonewall attack"]
[ECO "D00"]
[NIC "QP.08"]
[Time "15:36:41"]
[TimeControl "180+0"]

1. d4 d5 2. e3 Nf6 3. Bd3 g6 4. Nd2 Bg7 5. f4 O-O 6. Ngf3 b6 7. c3 c5 8. O-O
a5 9. Ne5 Qc7 10. Qf3 Bb7 11. g4 Nc6 12. g5 Ne4 13. Nxe4 dxe4 14. Bxe4 Nxe5
15. fxe5 Bxe4 16. Qxe4 e6 17. Rf6 Bxf6 18. gxf6 Kh8 19. Bd2 cxd4 20. exd4
Rac8 21. Bh6 Rg8 22. Rf1 Qc6 23. Qg4 Qb5 24. Rf2 Qd3 25. Qh4 Qd1+ 26. Kg2
Qh5 27. Bg7+ Rxg7 28. fxg7+ Kg8 29. Qf4 Qf5 30. Qxf5 gxf5 31. Kf3 Kxg7 32.
Ke3 b5 33. Kd3 a4 34. b3 axb3 35. axb3 Ra8 36. c4 bxc4+ 37. bxc4 Ra3+ 38.
Ke2 Rc3 39. c5 f6 40. exf6+ Kxf6 41. Kd2 Ra3 42. Rf1 Ra2+ 43. Kc3 Rxh2 44.
c6 Ke7 45. Rc1 Kd6 46. Kb4 Kc7 47. Kb5 Rd2 48. Rc4 f4 49. Kc5 f3 50. Ra4
Rc2+ 51. Kb4 Rxc6 52. Ra7+ Kd6 53. Rxh7 Rc2 54. Rf7 f2 55. Kb3 Re2 56. Kc3
Kd5 57. Kd3 Ra2 58. Ke3 Ra3+ 59. Kxf2 Kxd4 60. Rd7+ Ke4 61. Rd2 e5 62. Rb2
Rd3 63. Ke2 Re3+ 64. Kd2 Ra3 65. Ke2 Rh3 66. Rb4+ Kf5 67. Rb5 Ke4 68. Rb4+
Kf5 69. Rb5 Ke4 70. Rb4+ {Game drawn by repetition} 1/2-1/2

[Event "ICC Open 2015"]
[Site "Internet Chess Club"]
[Date "2015.05.30"]
[Round "8"]
[White "Rinazina46"]
[Black "ShadowLike"]
[Result "1-0"]
[ICCResult "Black forfeits on time"]
[WhiteElo "1948"]
[BlackElo "2205"]
[Opening "Giuoco Pianissimo"]
[ECO "C55"]
[NIC "IG.01"]
[Time "15:36:30"]
[TimeControl "180+0"]

1. e4 e5 2. Nf3 Nc6 3. Bc4 Nf6 4. d3 Bc5 5. c3 d6 6. Bb3 Bb6 7. Nbd2 Ne7 8.
O-O c6 9. Re1 Ng6 10. Nf1 Bg4 11. h3 Be6 12. d4 O-O 13. Ng3 Qd7 14. d5 cxd5
15. exd5 Bxh3 16. gxh3 Qxh3 17. Be3 Bxe3 18. Rxe3 Nf4 19. Qf1 Qg4 20. Nh2
Qg5 21. Bc2 h5 22. Kh1 g6 23. Ne4 Nxe4 24. Bxe4 f5 25. Bc2 Qf6 26. Qg1 g5
27. Rae1 Kf7 28. Nf1 g4 29. Ng3 e4 30. Nxe4 fxe4 31. Rxe4 Rfe8 32. Qg3 Nh3
33. Kh2 Re5 34. Rxe5 dxe5 35. d6 h4 36. Qg2 {Black forfeits on time} 1-0

[Event "ICC Open 2015"]
[Site "Internet Chess Club"]
[Date "2015.05.30"]
[Round "8"]
[White "Schurick"]
[Black "Gibhor"]
[Result "1-0"]
[ICCResult "Black checkmated"]
[WhiteElo "2376"]
[BlackElo "1979"]
[Opening "Réti: King's Indian attack"]
[ECO "A05"]
[NIC "QP.11"]
[Time "15:36:18"]
[TimeControl "180+0"]

1. Nf3 Nf6 2. g3 g6 3. Bg2 Bg7 4. O-O O-O 5. d3 d6 6. c3 Nbd7 7. Qa4 c6 8.
Qh4 e5 9. Bh6 Nd5 10. Qxd8 Rxd8 11. Bxg7 Kxg7 12. e4 N5b6 13. Bh3 Nf6 14.
Bxc8 Raxc8 15. a4 a5 16. Nbd2 Re8 17. Nb3 Ra8 18. Rfe1 Nfd7 19. Kf1 f6 20.
Nfd2 Kf7 21. f4 Nc8 22. Nc4 b6 23. fxe5 fxe5 24. Ke2 Kg7 25. Rf1 d5 26. Ne3
Ne7 27. c4 d4 28. Ng4 c5 29. Rf3 h5 30. Nf2 Rf8 31. Nd2 g5 32. Rf1 g4 33.
Rxf8 Rxf8 34. Rh1 Nc6 35. h3 Nf6 36. hxg4 hxg4 37. Rh4 Rh8 38. Rxh8 Kxh8 39.
Nf1 Nb4 40. Nh2 Kg7 41. Nfxg4 Nxg4 42. Nxg4 Nc6 43. Kf3 Kg6 44. Nf2 Kg5 45.
Nh3+ Kg6 46. Kg4 Nb4 47. Nf2 Nc2 48. Kf3 Ne3 49. Ng4 Nd1 50. Nxe5+ Kg5 51.
Nd7 Nxb2 52. Nxb6 Nxd3 53. Nd7 Kg6 54. g4 Kg5 55. e5 Kg6 56. e6 Kg7 57. Ke4
Nf2+ 58. Kf3 Nd3 59. g5 Kg6 60. Ke4 Nf2+ 61. Kd5 d3 62. Ne5+ Kxg5 63. e7 d2
64. Nf3+ Kf4 65. Nxd2 Ke3 66. e8=Q+ Kxd2 67. Kxc5 Kc3 68. Qe1+ Kd3 69. Qxf2
Ke4 70. Qd4+ Kf5 71. Qe3 Kf6 72. Qe4 Kg5 73. Qf3 Kg6 74. Qf4 Kg7 75. Qf5 Kg8
76. Qd7 Kf8 77. Kb5 Kg8 78. c5 Kh8 79. c6 Kg8 80. c7 Kh8 81. c8=Q#
{Black checkmated}
1-0

[Event "ICC Open 2015"]
[Site "Internet Chess Club"]
[Date "2015.05.30"]
[Round "8"]
[White "PCC"]
[Black "unkavalo"]
[Result "0-1"]
[ICCResult "White checkmated"]
[WhiteElo "2089"]
[BlackElo "2480"]
[Opening "Old Indian: Janowski variation"]
[ECO "A53"]
[NIC "OI.04"]
[Time "15:35:14"]
[TimeControl "180+0"]

1. d4 Nf6 2. c4 d6 3. Nc3 Bf5 4. Nf3 Nbd7 5. g3 e5 6. Bg2 c6 7. O-O h6 8. d5
Qc7 9. Nh4 Bh7 10. dxc6 bxc6 11. Nb5 cxb5 12. Bxa8 bxc4 13. Bg2 Be7 14. Bh3
O-O 15. Nf5 Nb6 16. Nxe7+ Qxe7 17. a4 d5 18. a5 Nbd7 19. Bg2 Nc5 20. a6 d4
21. Bd2 Nb3 22. Ra4 Qc5 23. e3 Rc8 24. exd4 exd4 25. Bb7 Rc7 26. Bf4 Rd7 27.
Re1 Bd3 28. Qf3 Qf5 29. Bb8 Qxf3 30. Bxf3 g5 31. Bb7 Nc5 32. Ra3 Nxb7 33.
axb7 Rxb7 34. Bxa7 Rd7 35. Rd1 Ng4 36. Raxd3 cxd3 37. Rxd3 Ne5 38. Rd1 Rxa7
39. f4 Nf3+ 40. Kf2 g4 41. h3 h5 42. hxg4 hxg4 43. Rd3 Rb7 44. b3 Rc7 45.
Ke2 Rc2+ 46. Kd1 Rc3 47. Rxc3 dxc3 48. Kc2 Nh4 49. b4 Kf8 50. Kxc3 Nf5 51.
b5 Ke7 52. b6 Kd7 53. Kc4 Kc6 54. b7 Kxb7 55. Kd5 Nxg3 56. Ke5 Nh5 57. Ke4
g3 58. Kf3 f5 59. Kg2 Kc6 60. Kh3 Kd5 61. Kh4 g2 62. Kxh5 g1=Q 63. Kh6 Ke6
64. Kh5 Kf6 65. Kh6 Qg6# {White checkmated} 0-1

[Event "ICC Open 2015"]
[Site "Internet Chess Club"]
[Date "2015.05.30"]
[Round "8"]
[White "Sunbear"]
[Black "geom"]
[Result "1-0"]
[ICCResult "Black forfeits on time"]
[WhiteElo "1953"]
[BlackElo "1734"]
[Opening "Vienna gambit"]
[ECO "C25"]
[NIC "VG.04"]
[Time "15:39:51"]
[TimeControl "180+0"]

1. e4 e5 2. Nc3 Nc6 3. f4 Bc5 4. Nf3 d6 5. Bc4 Bg4 6. Na4 Bxf3 7. Qxf3 Nd4
8. Qd1 Qh4+ 9. g3 Qh3 10. c3 Nc6 11. Nxc5 dxc5 12. Qf3 O-O-O 13. d3 Nh6 14.
Be3 Ng4 15. Bxc5 h5 16. O-O-O Kb8 17. Bxf7 exf4 18. Be6 Ka8 19. Bd5 Nce5 20.
Qxf4 a6 21. d4 Nd7 22. Be7 Rde8 23. Bh4 Ref8 24. Qd2 Nf2 25. e5 Nxh1 26.
Bxh1 {Black forfeits on time} 1-0

[Event "ICC Open 2015"]
[Site "Internet Chess Club"]
[Date "2015.05.30"]
[Round "8"]
[White "kshakes"]
[Black "MassCarnage"]
[Result "1-0"]
[ICCResult "Black forfeits on time"]
[WhiteElo "1582"]
[BlackElo "1995"]
[Opening "St. George (Baker) defense"]
[ECO "B00"]
[NIC "VO.17"]
[Time "15:39:14"]
[TimeControl "180+0"]

1. e4 a6 2. f4 b5 3. d3 Bb7 4. g3 Nf6 5. Bg2 e6 6. Qe2 c5 7. e5 Nd5 8. c4
bxc4 9. dxc4 Nc6 10. cxd5 Nd4 11. Qd2 exd5 12. Nf3 Nxf3+ 13. Bxf3 d6 14.
Bxd5 Bxd5 15. Qxd5 Rc8 16. O-O Be7 17. e6 O-O 18. exf7+ Rxf7 19. Nc3 Kf8 20.
Be3 Qb6 21. Rab1 g6 22. Ne4 Rf5 23. Qd3 d5 24. Nd2 d4 25. Bf2 Rf7 26. Nc4
Qb7 27. b3 Bf6 28. Nd6 Qd7 29. Nxf7 Kxf7 30. Rbc1 a5 31. Qc4+ Kg7 32. Rfe1
a4 33. b4 d3 34. Red1 Rd8 35. Bxc5 d2 36. Rc2 Qe8 37. Qf1 Qe4 38. Rcxd2 Re8
39. Rd7+ Kg8 40. Bf2 g5 41. Re1 Qg6 42. Rxe8+ Qxe8 43. Qd3 Qg6 44. Qxg6+
hxg6 45. b5 gxf4 46. g4 Kf8 47. b6 Ke8 48. Rh7 Kd8 49. b7 Be5 50. Bb6+ Ke8
51. Bc7 {Black forfeits on time} 1-0

[Event "ICC Open 2015"]
[Site "Internet Chess Club"]
[Date "2015.05.30"]
[Round "8"]
[White "paraguayo"]
[Black "El-Flippo"]
[Result "1-0"]
[ICCResult "Black resigns"]
[WhiteElo "1714"]
[BlackElo "1403"]
[Opening "Sicilian"]
[ECO "B50"]
[NIC "SI.01"]
[Time "15:40:02"]
[TimeControl "180+0"]

1. e4 c5 2. Nf3 d6 3. Nc3 a6 4. a4 Nf6 5. h3 e6 6. Bc4 Be7 7. O-O O-O 8. d3
h6 9. Bf4 Nbd7 10. Re1 e5 11. Be3 b6 12. Qd2 Kh7 13. Rad1 Re8 14. g4 Rf8 15.
g5 Nh5 16. gxh6 g6 17. Nd5 Ndf6 18. Ng5+ Kg8 19. Kh2 Nxd5 20. Bxd5 Ra7 21.
h7+ Kh8 22. Nxf7+ Rxf7 23. Bxf7 Qd7 24. Rh1 Qxh3+ 25. Kg1 Qg4+ 26. Kf1 Qf3
27. Qe2 Bh3+ 28. Rxh3 Qxh3+ 29. Ke1 Bh4 30. Bxg6 Rxh7 31. Bxh7 Kxh7 32.
Qxh5+ {Black resigns} 1-0

[Event "ICC Open 2015"]
[Site "Internet Chess Club"]
[Date "2015.05.30"]
[Round "9"]
[White "Art"]
[Black "want2win"]
[Result "1-0"]
[ICCResult "Black resigns"]
[WhiteElo "2360"]
[BlackElo "2363"]
[Opening "French: Tarrasch, open variation"]
[ECO "C07"]
[NIC "FR.19"]
[Time "15:48:30"]
[TimeControl "180+0"]

1. e4 e6 2. d4 d5 3. Nd2 c5 4. exd5 Qxd5 5. Ngf3 cxd4 6. Bc4 Qd6 7. O-O Nf6
8. Nb3 Nc6 9. Nbxd4 Nxd4 10. Nxd4 a6 11. b3 Qc7 12. a4 Bd6 13. h3 O-O 14.
Bb2 Bd7 15. Qf3 e5 16. Nf5 e4 17. Nh6+ Kh8 18. Qxf6 {Black resigns} 1-0

[Event "ICC Open 2015"]
[Site "Internet Chess Club"]
[Date "2015.05.30"]
[Round "9"]
[White "Sc6"]
[Black "outubro2"]
[Result "1-0"]
[ICCResult "Black resigns"]
[WhiteElo "1722"]
[BlackElo "1645"]
[Opening "Giuoco Piano"]
[ECO "C50"]
[NIC "IG.02"]
[Time "15:47:33"]
[TimeControl "180+0"]

1. e4 e5 2. Nf3 Nc6 3. Bc4 Bc5 4. O-O Nf6 5. c3 d6 6. d4 exd4 7. cxd4 Bb6 8.
Nc3 h6 9. Re1 O-O 10. Bf4 Re8 11. Qd2 Bg4 12. Bxh6 Bxf3 13. gxf3 gxh6 14.
Qxh6 Nh7 15. Kh1 Qg5 16. Rg1 Kh8 17. Rxg5 {Black resigns} 1-0

[Event "ICC Open 2015"]
[Site "Internet Chess Club"]
[Date "2015.05.30"]
[Round "9"]
[White "slothchess"]
[Black "yaguaro"]
[Result "1-0"]
[ICCResult "Black resigns"]
[WhiteElo "1663"]
[BlackElo "1975"]
[Opening "Alekhine's defense: modern, Schmid variation"]
[ECO "B03"]
[NIC "AL.09"]
[Time "15:49:35"]
[TimeControl "180+0"]

1. e4 Nf6 2. e5 Nd5 3. d4 Nb6 4. Nf3 d6 5. exd6 exd6 6. Bd3 Bg4 7. O-O Be7
8. c4 O-O 9. Nc3 Nc6 10. h3 Bxf3 11. Qxf3 d5 12. Nxd5 Nxd5 13. cxd5 Nxd4 14.
Qe4 f5 15. Qxd4 Bf6 16. Qb4 b6 17. Be3 Qxd5 18. Bc4 {Black resigns} 1-0

[Event "ICC Open 2015"]
[Site "Internet Chess Club"]
[Date "2015.05.30"]
[Round "9"]
[White "Judge-Dread"]
[Black "Jospa"]
[Result "0-1"]
[ICCResult "White checkmated"]
[WhiteElo "1093"]
[BlackElo "1217"]
[Opening "Queen's pawn game"]
[ECO "D00"]
[NIC "QP.08"]
[Time "15:49:01"]
[TimeControl "180+0"]

1. d4 d5 2. e3 Nf6 3. Nc3 Nc6 4. Bb5 Bd7 5. Nge2 e5 6. dxe5 Nxe5 7. Bxd7+
Qxd7 8. e4 c6 9. exd5 cxd5 10. O-O Bc5 11. a3 O-O 12. b4 Bb6 13. a4 a5 14.
b5 Neg4 15. Be3 Qd6 16. Bxb6 Qxh2# {White checkmated} 0-1

[Event "ICC Open 2015"]
[Site "Internet Chess Club"]
[Date "2015.05.30"]
[Round "9"]
[White "suilven"]
[Black "olimpioMD"]
[Result "1-0"]
[ICCResult "Black resigns"]
[WhiteElo "1829"]
[BlackElo "1462"]
[Opening "Scandinavian defense"]
[ECO "B01"]
[NIC "SD.03"]
[Time "15:48:40"]
[TimeControl "180+0"]

1. e4 d5 2. exd5 Nf6 3. Nf3 Nxd5 4. d4 Bg4 5. Be2 e6 6. h3 Bf5 7. c3 Bd6 8.
O-O O-O 9. Nbd2 Nc6 10. Nc4 Be7 11. Ne3 Bg6 12. Nxd5 Qxd5 13. Bf4 Bd6 14.
Bxd6 Qxd6 15. Qb3 b6 16. Rfe1 Ne7 17. Ne5 Bf5 18. Bf3 Rab8 19. a4 c5 20. Nc4
Qc7 21. Ne3 Bg6 22. d5 exd5 23. Nxd5 Nxd5 24. Bxd5 Rfe8 25. Qb5 Rxe1+ 26.
Rxe1 Rd8 27. Re8+ {Black resigns} 1-0